 Dungeon Crawl Stone Soup version 0.29.1-15-g9cfb28693d (webtiles) character file.

Game seed: 13056142926549698465

731 jtron the Twirler (level 7, -8/53 HPs)
             Began as a Gnoll Wanderer on Mar 3, 2023.
             Mangled by an iguana (9 damage)
             ... on level 5 of the Dungeon.
             The game lasted 00:08:36 (5060 turns).

jtron the Twirler (Gnoll Wanderer)                  Turns: 5060, Time: 00:08:36

Health: -8/53      AC:  3    Str:  8    XL:     7   Next: 73%
Magic:  13/13      EV: 13    Int: 11    God:
Gold:   169        SH:  0    Dex: 17    Spells: 14/14 levels left

rFire   . . .      SeeInvis .   a - +2 mace
rCold   . . .      Faith    .   (no shield)
rNeg    . . .      Spirit   .   e - +0 robe
rPois   .          Reflect  .   (no helmet)
rElec   .          Harm     .   (no cloak)
rCorr   .          Rampage  .   (no gloves)
Will    .....                   g - +0 pair of boots
Stlth   ++........              (no amulet)
HPRegen 0.17/turn               (no ring)
MPRegen 0.13/turn               (no ring)

@: no status effects
A: fangs 1, strong nose, distributed training
a: no special abilities


You were on level 5 of the Dungeon.
You visited 1 branch of the dungeon, and saw 5 of its levels.

You collected 169 gold pieces.

Inventory:

Hand Weapons
 a - a +2 mace (weapon)
 b - a +0 quarterstaff
 x - a +1 dagger of speed
Missiles
 w - 2 boomerangs (quivered)
Armour
 e - a +0 robe (worn)
 g - a +0 pair of boots (worn)
Wands
 l - a wand of flame (17)
Scrolls
 d - a scroll of teleportation
 f - a scroll of poison
 i - a scroll of identify {unknown}
 n - a scroll of amnesia {unknown}
 q - 2 scrolls of vulnerability {unknown}
 t - a scroll of fear {unknown}
 u - a scroll of magic mapping
 v - a scroll of blinking {unknown}
Potions
 h - a potion of haste {unknown}
 j - a potion of might
 k - a potion of ambrosia {unknown}
 m - 4 potions of curing
 o - 3 potions of heal wounds {unknown}
 p - a potion of brilliance {unknown}
 r - a potion of lignification {unknown}
 s - a potion of degeneration {unknown}
Miscellaneous
 c - a piece from Xom's chessboard (14/15)


   Skills:
 + Level 3.8 Fighting
 + Level 2.8 Short Blades
 + Level 2.8 Long Blades
 + Level 2.8 Axes
 + Level 5.4 Maces & Flails
 + Level 2.8 Polearms
 + Level 7.1 Staves
 + Level 2.8 Ranged Weapons
 + Level 3.8 Throwing
 + Level 2.8 Armour
 + Level 2.8 Dodging
 + Level 2.8 Stealth
 + Level 2.8 Shields
 + Level 2.8 Unarmed Combat
 + Level 4.0 Spellcasting
 + Level 2.2 Conjurations
 + Level 2.2 Hexes
 + Level 2.2 Summonings
 + Level 2.2 Necromancy
 + Level 2.2 Translocations
 + Level 2.2 Transmutations
 + Level 2.2 Fire Magic
 + Level 2.2 Ice Magic
 + Level 2.2 Air Magic
 + Level 2.2 Earth Magic
 + Level 2.2 Poison Magic
 + Level 4.1 Invocations
 + Level 3.8 Evocations


You had 14 spell levels left.
You didn't know any spells.
Your spell library was empty.

Dungeon Overview and Level Annotations

Branches:
Dungeon (5/15)
 Temple: D:4-7

Altars:
Ashenzari
Elyvilon
Ru
Sif Muna
Uskayaw

Shops:
D:2 ?


Innate Abilities, Weirdness & Mutations

You have very sharp teeth.
Your uncanny sense of smell can sniff out nearby items.
Your experience applies equally to all skills.


Message History

You are too injured to fight recklessly!
You are too injured to fight recklessly!
Aiming: Throw Flame
Press: ? - help, Shift-Dir - straight line, f - jackal
Aim: a jackal (64% to hit)
The puff of flame misses the jackal.
The puff of flame hits the jackal.
The jackal is severely wounded.
The jackal bites you but does no damage.
The gnoll hits you from afar with a +0 halberd!
* * * LOW HITPOINT WARNING * * *
The jackal closely misses you.
You feel very mighty all of a sudden. The jackal completely misses you.
The gnoll barely misses you.
You sock the jackal!
You kill the jackal!
The gnoll hits you from afar with a +0 halberd.
* * * LOW HITPOINT WARNING * * *
The jackal misses you.
You thump the jackal!
You kill the jackal!
The gnoll closely misses you. The gnoll misses you.
You sock the gnoll!
You kill the gnoll!
m - 4 potions of curing (gained 1)
You see here a +0 halberd.
You start resting.
An iguana is nearby!
Things that are here:
a jackal corpse; a jackal corpse; a jackal corpse The iguana hisses angrily.
There is a stone staircase leading down here.
You feel a little less mighty now.
You hit the iguana but do no damage. The iguana closely misses you.
The iguana bites you!
* * * LOW HITPOINT WARNING * * *
You hit the iguana.
The iguana is lightly wounded.
The iguana bites you!
You die...

).l†............+,,,,,,,,,+,,,,,,
..#####.##...##.#,,,,,,,,,****,,,
### #.###.###(#*,,,,,,,** **,, #
#l# *.###.#**,,,,,** *,* # #.#
*..##.# **,,,** *,* # #.# *#.##.#
*#+#* *,* * #.# #.##.# #.# *,*
#l####.##.#####.######***,*
#........l@...........,,,,*
######.##.####...####******
#>##.# #.....# **,,,** #.##.#
##...##**,,,,,* #....# ##..#
*,,,,,,, ###### #..# **,,,,,*
#..# **,,,** #..#####.***
*******########.........,*


You could see an iguana.

Vanquished Creatures
  Sigmund (D:5)
  2 phantoms
  A scorpion (D:5)
  3 hounds
  An orc priest (D:3)
  3 orc wizards (D:5)
  4 gnolls (D:5)
  4 adders
  A white imp (D:5)
  An ufetubus (D:4)
  2 worms
  4 dart slugs
  7 orcs
  7 bats
  5 endoplasms
  3 giant cockroaches
  4 goblins
  6 hobgoblins
  7 jackals
  2 quokkas (D:1)
  4 ball pythons
  2 frilled lizards (D:1)
  3 kobolds
  4 rats
81 creatures vanquished.

Notes
Turn   | Place    | Note
-------+----------+-------------------------------------------
     0 | D:1      | jtron the Gnoll Wanderer began the quest for the Orb.
     0 | D:1      | jtron set off with the following items: a +2 mace, a +0
                  | quarterstaff, a piece from Xom's chessboard (15/15), a
                  | scroll of teleportation, a +0 robe.
     0 | D:1      | Reached XP level 1. HP: 17/17 MP: 4/4
   114 | D:1      | Reached XP level 2. HP: 23/23 MP: 5/5
   572 | D:1      | Reached XP level 3. HP: 28/28 MP: 7/7
   740 | D:2      | Found a faded altar of an unknown god.
  1359 | D:2      | Found Corhuhukh's Magic Scroll Emporium.
  1529 | D:2      | Reached skill level 1 in Short Blades
  1529 | D:2      | Reached skill level 1 in Long Blades
  1529 | D:2      | Reached skill level 1 in Axes
  1529 | D:2      | Reached skill level 1 in Polearms
  1529 | D:2      | Reached skill level 1 in Ranged Weapons
  1529 | D:2      | Reached skill level 1 in Armour
  1529 | D:2      | Reached skill level 1 in Dodging
  1529 | D:2      | Reached skill level 1 in Stealth
  1529 | D:2      | Reached skill level 1 in Shields
  1529 | D:2      | Reached skill level 1 in Unarmed Combat
  2024 | D:3      | Reached XP level 4. HP: 34/34 MP: 8/8
  2232 | D:3      | Reached skill level 1 in Conjurations
  2232 | D:3      | Reached skill level 1 in Hexes
  2232 | D:3      | Reached skill level 1 in Summonings
  2232 | D:3      | Reached skill level 1 in Necromancy
  2232 | D:3      | Reached skill level 1 in Translocations
  2232 | D:3      | Reached skill level 1 in Transmutations
  2232 | D:3      | Reached skill level 1 in Fire Magic
  2232 | D:3      | Reached skill level 1 in Ice Magic
  2232 | D:3      | Reached skill level 1 in Air Magic
  2232 | D:3      | Reached skill level 1 in Earth Magic
  2232 | D:3      | Reached skill level 1 in Poison Magic
  2382 | D:3      | Found a hide-covered altar of Uskayaw.
  2836 | D:3      | Reached XP level 5. HP: 40/40 MP: 9/9
  3024 | D:4      | Noticed a phantom
  3037 | D:4      | Killed a phantom
  3202 | D:4      | Reached XP level 6. HP: 36/47 MP: 9/11
  3309 | D:4      | Found a sacrificial altar of Ru.
  3563 | D:5      | Entered Level 5 of the Dungeon
  3588 | D:5      | Found a white marble altar of Elyvilon.
  3589 | D:5      | Found a broken altar of Ashenzari.
  3591 | D:5      | Found a shimmering blue altar of Sif Muna.
  3637 | D:5      | Reached skill level 5 in Maces & Flails
  4266 | D:5      | Reached skill level 7 in Staves
  4266 | D:5      | Reached XP level 7. HP: 52/52 MP: 12/12
  4576 | D:5      | Noticed Sigmund
  4664 | D:5      | Killed Sigmund
  5059 | D:5      | HP: 1/53 [iguana (9)]
  5060 | D:5      | Mangled by an iguana

Illustrated notes

Levels and vault maps discovered:
D:1:      lemuel_arrival_cross, layout_loops_ring, minmay_misc_feat_diagonals
D:2:      layout_loops_cross, serial_shops, shop_fountains,
          ebering_ecumenical_altar_mist
D:3:      layout_loops_ring, mainiacjoe_overflow_small_starburst,
          serial_co_window_serial, co_window_paths_a,
          co_window_of_opportunity_a, co_window_corner_a, co_window_cross_1,
          co_window_paths_a, co_window_corner_a, co_window_of_opportunity_a,
          co_window_broadway_a, co_window_broadway_c, co_window_unsneaky_path_c,
          co_window_broadway_a, co_window_4corner_b, glass_columns_a,
          glass_columns_b, glass_columns_a, corexii_hall_statues_i
D:4:      layout_gridville, nicolae_ru_sacrificial_ziggurat,
          portal_sewer_entry_d
D:5:      layout_loops_corners, lemuel_zombie_altar_kikubaaqudgha,
          chequers_temple_overflow_statue_of_worship, roderic_batcave,
          uniq_sigmund

Skill      XL: |  1  2  3  4  5  6  7 |
---------------+----------------------+-----
Short Blades   | 1 2 |  2.8
Long Blades    | 1 2 |  2.8
Axes           | 1 2 |  2.8
Polearms       | 1 2 |  2.8
Ranged Weapons | 1 2 |  2.8
Armour         | 1 2 |  2.8
Dodging        | 1 2 |  2.8
Stealth        | 1 2 |  2.8
Shields        | 1 2 |  2.8
Unarmed Combat | 1 2 |  2.8
Spellcasting   | 3 4 |  4.0
Conjurations   | 1 2 |  2.2
Hexes          | 1 2 |  2.2
Summonings     | 1 2 |  2.2
Necromancy     | 1 2 |  2.2
Translocations | 1 2 |  2.2
Transmutations | 1 2 |  2.2
Fire Magic     | 1 2 |  2.2
Ice Magic      | 1 2 |  2.2
Air Magic      | 1 2 |  2.2
Earth Magic    | 1 2 |  2.2
Poison Magic   | 1 2 |  2.2
Invocations    | 3 4 |  4.1
Fighting       | 3 |  3.8
Throwing       | 3 |  3.8
Evocations     | 3 |  3.8
Maces & Flails | 5 |  5.4
Staves         | 7 |  7.1

Action                   |  1- 3 |  4- 6 |  7- 9 || total
-------------------------+-------+-------+-------++-------
Melee: Mace              |    87 |   117 |    65 ||   269
       Bite              |     7 |    14 |    11 ||    32
       Punch             |       |     1 |     1 ||     2
Throw: Dart              |     1 |     7 |     2 ||    10
       Stone             |       |     6 |       ||     6
       Boomerang         |       |       |     2 ||     2
Evoke: Piece from Xom's  |       |       |     3 ||     3
       Wand              |       |       |     2 ||     2
  Use: Scroll            |     3 |       |     1 ||     4
       Potion            |       |       |     4 ||     4
 Stab: Sleeping          |     7 |     3 |     1 ||    11
       Distracted        |       |     1 |       ||     1
       Petrified         |       |       |     6 ||     6
       Paralysed         |       |       |     5 ||     5
Armor: Robe              |    26 |    26 |    10 ||    62
Dodge: Dodged            |    46 |    76 |    52 ||   174
